 Dungeon Sprint DCSS version 0.27.1-33-g824d729ab1 (webtiles) character file.

Game seed: 12257984452750155846

14260 boopmooplesden the Stickfighter (level 11, -4/168 HPs)
             Began as a Minotaur Gladiator on Dec 16, 2021.
             Was the Champion of Okawaru.
             Shot with an arrow by Nessos (10 damage)
             ... in the Dungeon (Sprint VII: "The Pits").
             The game lasted 00:06:46 (2420 turns).

boopmooplesden the Stickfighter (MiGl)              Turns: 2420, Time: 00:06:46

Health: -4/168     AC: 26    Str: 20    XL:     11   Next: 86%
Magic:  11/13      EV: 14    Int: 10    God:    Okawaru [******]
Gold:   33         SH:  0    Dex: 14    Spells: 10/10 levels left

rFire    . . .     SeeInvis .   v - +4 quarterstaff (spect)
rCold    . . .     Faith    .   (shield currently unavailable)
rNeg     . . .     Spirit   .   o - +2 plate armour
rPois    +         Reflect  .   w - +0 hat "Rebin" {rPois Int+5 Stlth+}
rElec    .         Harm     .   t - +0 cloak
rCorr    .         Rampage  .   u - +0 pair of gloves
Will     .....     NoTele   +   (no boots)
Stlth    ..........             (no amulet)
HPRegen  0.38/turn              (no ring)
MPRegen  0.13/turn              (no ring)

@: berserking (expiring), lethally poisoned (-4 -> -8), heroic, very quick
A: horns 2, retaliatory headbutt
a: Renounce Religion, Heroism, Finesse


You were in the Dungeon.
You worshipped Okawaru.
Okawaru was exalted by your worship.
You visited 1 branch You collected 33 gold pieces.

Inventory:

Hand Weapons
 a - a +0 quarterstaff
 k - a +2 quarterstaff
 p - a +2 quarterstaff of speed
 v - a +4 spectral quarterstaff (weapon)
 G - the +7 broad axe of Discord {speed, rC+ Int+5 Stlth+}
   (You found it in the Dungeon)

   Attacks with this weapon are significantly faster.
   Int:       It affects your intelligence (+5).
   rC:        It protects you from cold.
   Stlth:     It makes you more stealthy.
Missiles
 d - a throwing net (quivered)
Armour
 o - a +2 plate armour (worn)
 t - a +0 cloak (worn)
 u - a +0 pair of gloves (worn)
 w - the +0 hat "Rebin" (worn) {rPois Int+5 Stlth+}
   (Okawaru gifted it to you in the Dungeon)

   Int:       It affects your intelligence (+5).
   rPois:     It protects you from poison.
   Stlth:     It makes you more stealthy.
Jewellery
 q - a +3 ring of dexterity
 r - a +3 ring of evasion
 C - a ring of see invisible
 D - a ring of protection from fire
 F - a ring of protection from fire
Wands
 b - a wand of flame (9)
Scrolls
 j - 2 scrolls of blinking
 m - 5 scrolls of amnesia
 n - a scroll of summoning
 x - 8 scrolls of enchant weapon
 y - 2 scrolls of fear
 B - 2 scrolls of enchant armour
 E - a scroll of identify
Potions
 c - a potion of lignification {unknown}
 e - 11 potions of curing
 f - 11 potions of heal wounds
 g - a potion of haste
 h - 4 potions of magic
 i - 4 potions of berserk rage
 l - 2 potions of invisibility
 s - a potion of resistance
 z - 3 potions of brilliance
 A - a potion of might


   Skills:
 + Level 15.3(20.3) Fighting
 + Level 20.1(25.1) Staves
 + Level 4.8(9.8) Throwing
 + Level 17.6(22.6) Armour
 + Level 12.1(17.1) Dodging
 + Level 4.1(9.1) Stealth
 + Level 4.1 Invocations


You had 10 spell levels left.
You didn't know any spells.
Your spell library was empty.

Dungeon Overview and Level Annotations

Branches:
Dungeon (1/1)

Altars:
Ashenzari
Cheibriados
Dithmenos
Elyvilon
Fedhas
Gozag
Hepliaklqana
Kikubaaqudgha
Makhleb
Nemelex Xobeh
Okawaru
Qazlal
Ru
Sif Muna
Trog
Uskayaw
Vehumet
Wu Jian
Xom
Yredelemnul
Zin
The Shining One
Beogh
Jiyva
Lugonu

Annotations:
D Grum, Nessos


Innate Abilities, Weirdness & Mutations

You have a pair of horns on your head.
You reflexively headbutt those who attack you in melee.


Message History

You bludgeon the black draconian!!
You kill the black draconian!
Okawaru is honoured by your kill.
Nessos wields a +2 longbow of flaming.
It bursts into flame!
Nessos shoots an arrow.
The arrow hits you but does no damage.
Your base Stealth skill increases to level 4!
Your Invocations skill increases to level 4!
Nessos blinks!
The deep elf demonologist hits you but does no damage.
You see here a +0 long sword.
You hit the deep elf demonologist.
The deep elf demonologist is lightly wounded.
Your +4 spectral quarterstaff closely misses the deep elf demonologist.
Nessos shoots an arrow.
The arrow misses your +4 spectral quarterstaff.
The arrow hits you!
* * * LOW HITPOINT WARNING * * *
The arrow burns you.
You are poisoned.
* * * LOW HITPOINT WARNING * * *
You sock the deep elf demonologist! You headbutt the deep elf demonologist.
The deep elf demonologist is moderately wounded.
Your +4 spectral quarterstaff hits the deep elf demonologist.
You feel sick.
Nessos shoots an arrow.
The arrow misses your +4 spectral quarterstaff.
The arrow closely misses you.
The deep elf demonologist hits you but does no damage.
You bludgeon the deep elf demonologist!!
The deep elf demonologist is almost dead.
Your +4 spectral quarterstaff hits the deep elf demonologist.
You feel sick.
Nessos shoots an arrow.
The arrow hits your +4 spectral quarterstaff!
Your spectral weapon shares its damage with you!
* * * LOW HITPOINT WARNING * * *
You sock the deep elf demonologist!
You kill the deep elf demonologist!
Okawaru is honoured by your kill.
The chaos spawn degenerates into a cloud of primal chaos!
Nessos shoots an arrow.
The arrow hits you!
You die...

######################
#........(....§c.....+
#........@§..........+
#..#######)########..# #..#
#.#Y# #..# #..# #t# #D# #..#
#..# #4# #H# #..# #..# #H#
#o# #..# #..##h# #§# #..#
#..################..#
########....................#


You could see a minotaur, a death yak, Nessos (fast), an acid dragon and an orc.

Vanquished Creatures
  A vampire knight (D)
  A deep elf demonologist (D)
  A black draconian (D)
  A minotaur (D)
  Erica (D)
  A death knight (D)
  A death yak (D)
  Sonja (D)
  2 sea snakes (D)
  An orc knight (D)
  A deep elf pyromancer (D)
  A cyclops (D)
  Maurice (D)
  2 smoke demons (D)
  A naga mage (D)
  2 kobold demonologists (D)
  An unseen horror (D)
  2 freezing wraiths (D)
  Psyche (D)
  2 komodo dragons (D)
  An ice devil (D)
  A snapping turtle (D)
  A slime creature (D)
  2 spriggans (D)
  A shadow (D)
  A ynoxinul (D)
  2 flying skulls (D)
  A wraith (D)
  A wyvern (D)
  A fire bat (D)
  Edmund (D)
  An orc warrior (D)
  A black bear (D)
  A necrophage (D)
  An ogre (D)
  6 wolves (D)
  3 kobold brigands (D)
  A gnoll sergeant (D)
  2 scorpions (D)
  A bullfrog (D)
  A killer bee (D)
  2 quasits (D)
  An orc priest (D)
  A hell rat (D)
  A mummy (D)
  6 gnolls (D)
  A river rat (D)
  An adder skeleton (D)
  An adder zombie (D)
  4 orcs (D)
  2 bats (D)
  An endoplasm (D)
  2 goblins (D)
  A hobgoblin (D)
  6 jackals (D)
  A quokka (D)
  A ball python (D)
  A rat (D)
89 creatures vanquished.

Vanquished Creatures (others)
  A kobold (D)
1 creature vanquished.

Grand Total: 90 creatures vanquished

Notes
Turn   | Place    | Note
-------+----------+-------------------------------------------
     0 | D        | boopmooplesden the Minotaur Gladiator began the quest for
                  | the Orb.
     0 | D        | Reached XP level 1. HP: 18/18 MP: 0/0
    13 | D        | Reached skill level 4 in Staves
    47 | D        | Found a glowing golden altar of the Shining One.
    47 | D        | Found a glowing silver altar of Zin.
    47 | D        | Found a basalt altar of Yredelemnul.
    47 | D        | Found a shimmering altar of Xom.
    47 | D        | Found an ornate altar of the Wu Jian Council.
    47 | D        | Found a bloodstained altar of Trog.
    47 | D        | Found a shimmering blue altar of Sif Muna.
    47 | D        | Found a sacrificial altar of Ru.
    47 | D        | Found a stormy altar of Qazlal.
    47 | D        | Found an iron altar of Okawaru.
    47 | D        | Found a sparkling altar of Nemelex Xobeh.
    47 | D        | Found a burning altar of Makhleb.
    47 | D        | Found a viscous altar of Jiyva.
    47 | D        | Found a hazy altar of Hepliaklqana.
    47 | D        | Found an opulent altar of Gozag.
    47 | D        | Found a blossoming altar of Fedhas.
    47 | D        | Found a white marble altar of Elyvilon.
    47 | D        | Found a shadowy altar of Dithmenos.
    47 | D        | Found a snail-covered altar of Cheibriados.
    48 | D        | Found a radiant altar of Vehumet.
    48 | D        | Found a corrupted altar of Lugonu.
    49 | D        | Found a hide-covered altar of Uskayaw.
    49 | D        | Found an ancient bone altar of Kikubaaqudgha.
    49 | D        | Found a broken altar of Ashenzari.
    53 | D        | Became a worshipper of Warmaster Okawaru
    70 | D        | Reached skill level 5 in Staves
    70 | D        | Reached XP level 2. HP: 14/26 MP: 1/1
   226 | D        | Reached skill level 5 in Dodging
   230 | D        | Noticed a scorpion
   232 | D        | Reached XP level 3. HP: 28/31 MP: 2/2
   233 | D        | Noticed a scorpion
   238 | D        | Killed a scorpion
   238 | D        | Reached * piety under Okawaru
   239 | D        | Reached skill level 7 in Staves
   239 | D        | Reached XP level 4. HP: 34/41 MP: 3/3
   241 | D        | Killed a scorpion
   242 | D        | Reached skill level 5 in Fighting
   242 | D        | Reached skill level 9 in Staves
   242 | D        | Reached XP level 5. HP: 40/48 MP: 4/4
   308 | D        | Noticed a black bear
   324 | D        | Killed a black bear
   325 | D        | Reached skill level 10 in Staves
   354 | D        | Reached XP level 6. HP: 52/57 MP: 5/5
   357 | D        | Reached skill level 11 in Staves
   372 | D        | Reached ** piety under Okawaru
   373 | D        | Reached skill level 12 in Staves
   373 | D        | Reached skill level 5 in Armour
   427 | D        | Noticed a komodo dragon
   427 | D        | Noticed a deep elf pyromancer
   435 | D        | Noticed a flying skull
   438 | D        | Killed a deep elf pyromancer
   438 | D        | Reached *** piety under Okawaru
   439 | D        | Reached skill level 13 in Staves
   439 | D        | Reached XP level 7. HP: 67/67 MP: 3/6
   445 | D        | Killed a komodo dragon
   446 | D        | Reached skill level 14 in Staves
   446 | D        | Reached XP level 8. HP: 74/74 MP: 3/7
   452 | D        | Killed a flying skull
   452 | D        | Reached **** piety under Okawaru
   453 | D        | Reached skill level 10 in Dodging
   567 | D        | Noticed a cyclops
   575 | D        | Killed a cyclops
   576 | D        | Reached skill level 15 in Staves
   584 | D        | Noticed a komodo dragon
   593 | D        | Killed a komodo dragon
   891 | D        | Noticed a freezing wraith
   896 | D        | Reached skill level 16 in Staves
   896 | D        | Reached XP level 9. HP: 66/84 MP: 8/8
   898 | D        | Killed a freezing wraith
   898 | D        | Reached ***** piety under Okawaru
  1093 | D        | Reached skill level 10 in Fighting
  1104 | D        | Reached skill level 10 in Armour
  1213 | D        | Reached skill level 17 in Staves
  1221 | D        | Identified the +0 hat "Rebin" {rPois Int+5 Stlth+} (Okawaru
                  | gifted it to you in the Dungeon)
  1221 | D        | Received a gift from Okawaru
  1288 | D        | Noticed Erica
  1289 | D        | Noticed a smoke demon
  1292 | D        | Noticed Sonja
  1299 | D        | Killed Erica
  1300 | D        | Reached XP level 10. HP: 63/96 MP: 6/9
  1305 | D        | Killed a smoke demon
  1306 | D        | Reached skill level 1 in Stealth
  1306 | D        | Reached skill level 1 in Invocations
  1308 | D        | Killed Sonja
  1309 | D        | Reached skill level 18 in Staves
  1448 | D        | Noticed a vampire knight
  1449 | D        | Paralysed by a vampire knight for 4 turns
  1450 | D        | Noticed a death knight
  1450 | D        | Noticed a sea snake
  1460 | D        | Killed a vampire knight
  1467 | D        | Killed a sea snake
  1492 | D        | Killed a death knight
  1519 | D        | Noticed an orc knight
  1523 | D        | Reached skill level 19 in Staves
  1527 | D        | Noticed a smoke demon
  1541 | D        | Killed an orc knight
  1542 | D        | Reached XP level 11. HP: 45/107 MP: 9/11
  1543 | D        | Noticed a sea snake
  1552 | D        | Killed a sea snake
  1553 | D        | Reached skill level 15 in Armour
  1964 | D        | Noticed Edmund
  1984 | D        | Noticed Maurice
  1989 | D        | Killed Edmund
  2001 | D        | Killed Maurice
  2011 | D        | Noticed Psyche
  2017 | D        | Received a gift from Okawaru
  2033 | D        | Killed Psyche
  2050 | D        | Reached ****** piety under Okawaru
  2134 | D        | Got the +7 broad axe of Discord {speed, rC+ Int+5 Stlth+}
  2379 | D        | Noticed a death yak
  2383 | D        | Noticed a fire crab
  2383 | D        | Noticed a black draconian
  2383 | D        | Noticed Grum
  2384 | D        | Noticed a minotaur
  2384 | D        | Noticed a death yak
  2384 | D        | Noticed a deep elf demonologist
  2388 | D        | Noticed Nessos
  2393 | D        | Killed a death yak
  2397 | D        | Noticed an eight-headed hydra
  2401 | D        | Identified the +6 shortbow of Chagrin {venom, rCorr Int+4}
  2408 | D        | Noticed a minotaur
  2414 | D        | Killed a minotaur
  2415 | D        | Reached skill level 15 in Fighting
  2415 | D        | Reached skill level 20 in Staves
  2415 | D        | Killed a black draconian
  2419 | D        | HP: 6/168 [Nessos (6)]
  2420 | D        | Killed a deep elf demonologist
  2420 | D        | Shot with an arrow by Nessos

Illustrated notes

Levels and vault maps discovered:
D:        pitsprint [storerooms_1, entrance_room_1, metal_vault_6, armoury_1,
          mini_pit_1, grid_room_1, main_hall_1, silver_pit, the_coven_3,
          the_vestibule_1, steel_vault_2, golden_pit, hallway_of_sentries,
          crystal_vault_1, iron_vault_2, final_vault]

Skill      XL: |  1  2  3  4  5  6  7  8  9 10 11 |
---------------+----------------------------------+-----
Staves         | 5 7 9 10 13 14 16 17 19 20 | 20.1
Fighting       | 3 4 5 7 8 9 11 13 15 | 15.3
Dodging        | 4 5 6 7 9 10 11 12 | 12.1
Throwing       | 3 4 |  4.8
Armour         | 2 3 6 7 9 11 14 17 | 17.6
Stealth        | 2 4 |  4.1
Invocations    | 2 4 |  4.1

Action                   |  1- 3 |  4- 6 |  7- 9 | 10-12 || total
-------------------------+-------+-------+-------+-------++-------
Melee: Quarterstaff      |    27 |    41 |    59 |   161 ||   288
       Headbutt          |     4 |    12 |    11 |    50 ||    77
Throw: Throwing net      |       |       |       |     2 ||     2
Invok: Heroism           |       |     1 |     1 |     7 ||     9
  Use: Potion            |       |       |       |     8 ||     8
 Stab: Distracted        |       |       |     1 |     4 ||     5
Armor: Leather armour    |     5 |     1 |       |       ||     6
       Plate armour      |       |    20 |    20 |   113 ||   153
Dodge: Dodged            |    27 |    17 |    13 |   127 ||   184
